 Dungeon Crawl Stone Soup version 0.29.1-14-g9c671dbff4 (webtiles) character file.

Game seed: 8179093934036708729

219 leafyfresh the Covert (level 5, -11/47 HPs)
             Began as a Gnoll Delver on Feb 15, 2023.
             Was an Initiate of Ashenzari.
             Killed by divine providence
             ... invoked by an orc priest
              (14 damage)
             ... on level 4 of the Dungeon.
             The game lasted 00:08:40 (4523 turns).

leafyfresh the Covert (Gnoll Delver)                Turns: 4523, Time: 00:08:41

Health: -11/47     AC:  8    Str: 11    XL:     5   Next: 96%
Magic:  0/16       EV: 12    Int:  9    God:    Ashenzari [......]
Gold:   210        SH:  0    Dex: 16    Spells: 7/7 levels left

rFire   x . .      SeeInvis .   a - +0 short sword
rCold   + . .      Faith    .   (no shield)
rNeg    . . .      Spirit   +   o - +1 ring mail of the Solstice {Will+}
rPois   .          Reflect  .   s - +0 helmet
rElec   .          Harm     .   h - +0 cloak
rCorr   .          Rampage  .   (no gloves)
Will    +....                   (no boots)
Stlth   ++++......              y - amulet of guardian spirit
HPRegen 0.15/turn               n - ring of magical power
MPRegen 0.15/turn               z - ring of ice

@: mighty, hasted, very quick
A: fangs 1, strong nose, distributed training
a: Renounce Religion


You were on level 4 of the Dungeon.
You worshipped Ashenzari.
Ashenzari was noncommittal.
You visited 1 branch of the dungeon, and saw 5 of its levels.

You collected 210 gold pieces.

Inventory:

Hand Weapons
 a - a +0 short sword (weapon)
 w - a +1 hand axe of holy wrath
Armour
 b - a +0 leather armour
 h - a +0 cloak (worn)
 o - the +1 ring mail of the Solstice (worn) {Will+}
   (You found it on level 2 of the Dungeon)

   Will:      It increases your willpower.
 s - a +0 helmet (worn)
Jewellery
 n - a ring of magical power (left hand)
 y - an amulet of guardian spirit (around neck)
 z - a ring of ice (right hand)
Wands
 g - a wand of digging (2)
 j - a wand of charming (5)
Scrolls
 c - a scroll of fog
 d - 2 scrolls of magic mapping
 i - a scroll of blinking {unknown}
 m - a scroll of noise {unknown}
 p - a scroll of identify {unknown}
 t - a scroll of butterflies {unknown}
Potions
 k - a potion of flight {unknown}
 l - 2 potions of might
 q - 2 potions of brilliance {unknown}
 r - a potion of lignification {unknown}
 u - a potion of resistance {unknown}
 x - a potion of magic {unknown}
 A - a potion of heal wounds {unknown}


   Skills:
 + Level 6.8 Fighting
 + Level 4.9 Short Blades
 + Level 1.8 Long Blades
 + Level 1.8 Axes
 + Level 1.8 Maces & Flails
 + Level 1.8 Polearms
 + Level 1.8 Staves
 + Level 1.8 Ranged Weapons
 + Level 1.8 Throwing
 + Level 1.8 Armour
 + Level 4.9 Dodging
 + Level 9.7 Stealth
 + Level 1.8 Shields
 + Level 1.8 Unarmed Combat
 + Level 1.8 Spellcasting
 + Level 1.4 Conjurations
 + Level 1.4 Hexes
 + Level 1.4 Summonings
 + Level 1.4 Necromancy
 + Level 1.4 Translocations
 + Level 1.4 Transmutations
 + Level 1.4 Fire Magic
 + Level 1.4 Ice Magic
 + Level 1.4 Air Magic
 + Level 1.4 Earth Magic
 + Level 1.4 Poison Magic
 + Level 2.0 Invocations
 + Level 1.8 Evocations


You had 7 spell levels left.
You didn't know any spells.
Your spell library was empty.

Dungeon Overview and Level Annotations

Branches:
Dungeon (5/15)
 Temple: D:4-7

Altars:
Ashenzari
Yredelemnul

Annotations:
D:3 Ijyb
D:4 Pikel


Innate Abilities, Weirdness & Mutations

You have very sharp teeth.
Your uncanny sense of smell can sniff out nearby items.
Your experience applies equally to all skills.


Message History

* * * LOW HITPOINT WARNING * * *
Unknown command.
You feel yourself speed up. Pikel barely misses you.
Unknown command.
You catch the helpless orc priest completely off-guard!
You puncture the orc priest!
You kill the orc priest!
Your Invocations skill increases to level 2!
Things that are here:
a +0 flail; a +0 leather armour; an orc corpse You closely miss the orc.
The orc shouts!
You hear a shout! x3
You hit the orc but do no damage. You bite the orc, but do no damage.
The orc barely misses you.
You hit the orc. Your bite misses the orc.
The orc is heavily wounded.
You hit the orc but do no damage. You bite the orc, but do no damage.
The orc is heavily wounded.
The orc hits you with a +0 whip.
* * * LOW HITPOINT WARNING * * *
You hit the orc but do no damage.
The orc is heavily wounded.
The orc hits you but does no damage.
The orc priest shouts!
You hit the orc but do no damage.
The orc is heavily wounded.
Unknown command.
It was a potion of might.
You feel very mighty all of a sudden. The orc barely misses you.
Unknown command.
Aiming: Dig
Press: ? - help, Shift-Dir - straight line A rock wall.
The rock shatters into small pieces.
Pikel hits you with a +0 whip of electrocution!
* * * LOW HITPOINT WARNING * * *
The orc priest invokes the aid of Beogh against you.
Beogh smites you!
You die...

#...... #####
#..#### ###
##...## #..# ##
##.####...(.#
#..# #.
#...........#
#..# #.
##.####.....#
#..# #.
#.#####...####).#
#.
#.K.####........#
#.
###@.......###.##
#. #o#######
#.####. #o#
#....5# ####o####
####5#. #....>..#
#.## #.#####†#
#.# #.# #.#####
###.## #.#
#.....# ##.....
#.# #.###.#
#....##


You could see Pikel, an orc priest and 2 orcs.

Vanquished Creatures
  2 lemures (D:4)
  A scorpion (D:3)
  An orc priest (D:4)
  4 adders
  3 worms
  6 dart slugs
  6 orcs
  6 bats
  4 endoplasms
  A giant cockroach (D:2)
  2 hobgoblins
  4 jackals
  7 quokkas
  2 ball pythons (D:2)
  4 frilled lizards
  5 goblins
  6 kobolds
  14 rats
78 creatures vanquished.

Notes
Turn   | Place    | Note
-------+----------+-------------------------------------------
     0 | D:5      | Reached skill level 9 in Stealth
     0 | D:5      | leafyfresh the Gnoll Delver began the quest for the Orb.
     0 | D:5      | Reached XP level 1. HP: 23/23 MP: 1/1
    29 | D:5      | Noticed an orc wizard
   245 | D:4      | Reached XP level 2. HP: 29/29 MP: 2/2
   521 | D:2      | Reached XP level 3. HP: 35/35 MP: 3/3
   747 | D:2      | Reached skill level 1 in Invocations
  1078 | D:1      | You fall into a shaft and drop 1 floor!
  1103 | D:2      | Identified the +1 ring mail of the Solstice {Will+}
  1153 | D:2      | Reached skill level 1 in Long Blades
  1153 | D:2      | Reached skill level 1 in Axes
  1153 | D:2      | Reached skill level 1 in Maces & Flails
  1153 | D:2      | Reached skill level 1 in Polearms
  1153 | D:2      | Reached skill level 1 in Staves
  1153 | D:2      | Reached skill level 1 in Ranged Weapons
  1153 | D:2      | Reached skill level 1 in Throwing
  1153 | D:2      | Reached skill level 1 in Armour
  1153 | D:2      | Reached skill level 1 in Shields
  1153 | D:2      | Reached skill level 1 in Unarmed Combat
  1153 | D:2      | Reached skill level 1 in Spellcasting
  1153 | D:2      | Reached skill level 1 in Evocations
  1466 | D:2      | Reached XP level 4. HP: 23/41 MP: 5/5
  2061 | D:1      | Reached skill level 1 in Conjurations
  2061 | D:1      | Reached skill level 1 in Hexes
  2061 | D:1      | Reached skill level 1 in Summonings
  2061 | D:1      | Reached skill level 1 in Necromancy
  2061 | D:1      | Reached skill level 1 in Translocations
  2061 | D:1      | Reached skill level 1 in Transmutations
  2061 | D:1      | Reached skill level 1 in Fire Magic
  2061 | D:1      | Reached skill level 1 in Ice Magic
  2061 | D:1      | Reached skill level 1 in Air Magic
  2061 | D:1      | Reached skill level 1 in Earth Magic
  2061 | D:1      | Reached skill level 1 in Poison Magic
  2776 | D:3      | Noticed a scorpion
  2780 | D:3      | Killed a scorpion
  2781 | D:3      | Reached XP level 5. HP: 47/47 MP: 7/7
  3000 | D:3      | Found a basalt altar of Yredelemnul.
  3112 | D:3      | Found a faded altar of an unknown god.
  3273 | D:3      | Noticed Ijyb
  3409 | D:4      | Found a broken altar of Ashenzari.
  3490 | D:4      | Became a worshipper of Ashenzari the Shackled
  3573 | D:4      | Noticed a lemure
  3579 | D:4      | Noticed a lemure
  4250 | D:4      | Noticed a lemure
  4279 | D:4      | Killed a lemure
  4309 | D:4      | Noticed a lemure
  4381 | D:4      | Killed a lemure
  4480 | D:4      | Noticed Pikel
  4523 | D:4      | Killed from afar by an orc priest

Illustrated notes

Levels and vault maps discovered:
D:1:      dpeg_arrival_arbitrary_b, layout_basic, minmay_rat_gold_closets
D:2:      layout_basic
D:3:      layout_loops_ring, mainiacjoe_overflow_alcove_4,
          basic_ecumenical_altar, fountainhead, st_stairs_12, uniq_ijyb
D:4:      layout_loops_ring, lemuel_round_altar, uniq_pikel
D:5:      layout_cave_pods, tgw_xom, mainiacjoe_overflow_catwalk,
          hangedman_decor_points, roderic_lattice_a

Skill      XL: |  1  2  3  4  5 |
---------------+----------------+-----
Stealth        | |  9.7
Invocations    | 1 2 |  2.0
Long Blades    | 1 |  1.8
Axes           | 1 |  1.8
Maces & Flails | 1 |  1.8
Polearms       | 1 |  1.8
Staves         | 1 |  1.8
Ranged Weapons | 1 |  1.8
Throwing       | 1 |  1.8
Armour         | 1 |  1.8
Shields        | 1 |  1.8
Unarmed Combat | 1 |  1.8
Spellcasting   | 1 |  1.8
Evocations     | 1 |  1.8
Conjurations   | 1 |  1.4
Hexes          | 1 |  1.4
Summonings     | 1 |  1.4
Necromancy     | 1 |  1.4
Translocations | 1 |  1.4
Transmutations | 1 |  1.4
Fire Magic     | 1 |  1.4
Ice Magic      | 1 |  1.4
Air Magic      | 1 |  1.4
Earth Magic    | 1 |  1.4
Poison Magic   | 1 |  1.4
Fighting       | |  6.8
Short Blades   | |  4.9
Dodging        | |  4.9

Action                   |  1- 3 |  4- 6 || total
-------------------------+-------+-------++-------
Melee: Short sword       |   121 |   208 ||   329
       Bite              |    13 |    29 ||    42
       Punch             |     1 |       ||     1
Throw: Throwing net      |       |     1 ||     1
Evoke: Wand              |       |     1 ||     1
  Use: Scroll            |       |     2 ||     2
       Potion            |       |     2 ||     2
 Stab: Sleeping          |     9 |    23 ||    32
       Distracted        |       |     1 ||     1
       Held in net/web   |       |     1 ||     1
Armor: Leather armour    |    10 |       ||    10
       Ring mail         |    12 |    55 ||    67
Dodge: Dodged            |    62 |    94 ||   156
